 Dungeon Crawl Stone Soup version 0.21-a0-94-gdd6ab6a (webtiles) character file.

17 vev the Charlatan (level 2, 0/23 HPs)
             Began as a Ghoul Artificer on July 1, 2017.
             Was an Initiate of Nemelex Xobeh.
             Slain by Edmund
             ... wielding a +2 dire flail of protection
              (7 damage)
             ... on level 3 of the Dungeon.
             The game lasted 00:02:34 (151 turns).

vev the Charlatan (Ghoul Artificer)                  Turns: 151, Time: 00:02:35

Health: 0/23       AC:  5    Str: 15    XL:     2   Next: 62%
Magic:  2/3        EV: 11    Int:  6    God:    Nemelex Xobeh [......]
Gold:   0          SH:  0    Dex:  9    Spells: 1/1 levels left

rFire    . . .     SeeInvis .   k - +0 flail
rCold    + . .     Gourm    .   (no shield)
rNeg     + + +     Faith    .   b - +0 leather armour
rPois    ∞         Spirit   .   g - +0 helmet
rElec    .         Reflect  .   h - +0 cloak
rCorr    .         Harm     .   (no gloves)
MR       .....                  (no boots)
Stlth    +.........             (no amulet)
HPRegen  0.00/turn              (no ring)
MPRegen  0.08/turn              (no ring)

@: rotting
A: rotting body, claws 1, carnivore 3, cold resistance 1, negative energy
resistance 3, inhibited regeneration, torment resistance, unbreathing
a: Renounce Religion


You were on level 3 of the Dungeon.
You worshipped Nemelex Xobeh.
Nemelex Xobeh was noncommittal.
You were not hungry.

You visited 1 branch of the dungeon, and saw 4 of its levels.

Inventory:

Hand Weapons
 a - a +0 short sword
 k - a +0 flail (weapon)
Armour
 b - a +0 leather armour (worn)
 g - a +0 helmet (worn)
 h - a +0 cloak (worn)
Wands
 c - a wand of flame (15/48)
 d - a wand of enslavement (15/24)
 e - a wand of random effects (14/48)
Miscellaneous
 i - a plain deck of summoning {drawn: 2}
Comestibles
 f - a meat ration
 j - a chunk of flesh


   Skills:
 - Level 1.4 Fighting
 - Level 0.8 Short Blades
 + Level 0.0 Maces & Flails
 - Level 0.5 Armour
 - Level 1.7 Dodging
 - Level 1.1 Stealth
 - Level 0.9 Invocations
 - Level 3.1 Evocations


You had one spell level left.
You didn't know any spells.

Dungeon Overview and Level Annotations

Branches:
Dungeon (4/15)
 Temple: D:4-7

Altars:
Nemelex Xobeh

Annotations:
D:3 Edmund


Innate Abilities, Weirdness & Mutations

Your body is rotting away.
You thrive on raw meat.
You are immune to poison.
You have sharp fingernails.
You are carnivorous and can eat meat at any time.
Your flesh is cold resistant. (rC+)
You are immune to negative energy. (rN+++)
You do not regenerate when monsters are visible.
You are immune to unholy pain and torment.
You can survive without breathing.


Message History

* * * LOW HITPOINT WARNING * * *
Unknown command.
You hit Edmund but do no damage.
Edmund is heavily wounded.
Edmund closely misses you.
Your raiju bites Edmund.
Your raiju shocks Edmund!
Edmund misses your raiju.
Unknown command.
You hit Edmund.
Edmund is severely wounded.
You feel yourself slow down.
Edmund hits you with a dire flail of protection.
* * * LOW HITPOINT WARNING * * *
Your raiju barely misses Edmund.
Your basilisk gazes at Edmund.
Edmund is moving more slowly.
You hit Edmund but do no damage.
Edmund is severely wounded.
Edmund hits you with a dire flail of protection!
You die...
Your body disappears without a glow.

....# ...## ..... .?.
### ... ..# #.# #.#
#s# #.# #@# #.# ##@##
#.# ##lh.## #.#
##.....## ##.##
##.v.....##
##...####.........#
#.......'.........+
#........###[........#
#.####.#.# ##.>.....##


You could see Edmund (petrifying), a giant cockroach, a friendly raiju, a
friendly basilisk and a friendly fire vortex.

Vanquished Creatures
  A leopard gecko (D:3)
  A goblin (D:3)
2 creatures vanquished.

Vanquished Creatures (collateral kills)
  An orc wizard (D:3)
  An orc (D:3)
2 creatures vanquished.

Grand Total: 4 creatures vanquished

Notes
Turn   | Place    | Note
-------+----------+-------------------------------------------
     0 | D:1      | vev the Ghoul Artificer began the quest for the Orb.
     0 | D:1      | Reached XP level 1. HP: 16/16 MP: 1/1
    51 | D:1      | You fall through a shaft!
    51 | D:2      | Found a sparkling altar of Nemelex Xobeh.
    54 | D:2      | Became a worshipper of Nemelex Xobeh the Trickster
    56 | D:2      | You fall through a shaft!
    59 | D:3      | Received a gift from Nemelex Xobeh
    92 | D:4      | Noticed Edmund
    92 | D:4      | Noticed an orc wizard
    92 | D:4      | Noticed an orc wizard
   102 | D:3      | HP: 1/16 [orc/flail (2)]
   119 | D:3      | Killed an orc wizard
   119 | D:3      | Reached skill level 3 in Evocations
   119 | D:3      | Reached XP level 2. HP: 6/23 MP: 1/3
   151 | D:3      | Slain by Edmund

Vault maps used:
D:1:      lemuel_arrival_funnel
D:2:      ashenzari_conservatory_becter, old_standard_altar,
          minmay_misc_feat_pillars, corexii_hall_statues_x,
          nemelex_spade_bored_becter
D:3:      gammafunk_temple_overflow_wave, chequers_ecumenical_altar_island,
          uniq_crazy_yiuf_cottage
D:4:      kennysheep_little_box, enter_ossuary_3, lemuel_statue_altar,
          uniq_ijyb, uniq_pikel, uniq_blork_the_orc, uniq_duvessa, uniq_edmund

Skill      XL: |  1 |
---------------+----+-----
Evocations     | 3 |  3.1
Fighting       | |  1.4
Short Blades   | |  0.8
Armour         | |  0.5
Dodging        | |  1.7
Stealth        | |  1.1
Invocations    | |  0.9

Action                   || total
-------------------------++-------
Melee: Short sword       ||    13
       Flail             ||     4
Evoke: Deck              ||     2
       Wand              ||     1
  Use: Potion            ||     1
  Eat: Chunk             ||     5
Armor: Leather armour    ||     8
Dodge: Dodged            ||    10
